 Dungeon Crawl Stone Soup version 0.29-a0-1033-gb6c65ffae6 (webtiles) character file.

Game seed: 12748255705597757358

242 Monkooky the Firebug (level 5, 0/41 HPs)
             Began as a Mummy Cinder Acolyte on Aug 14, 2022.
             Was a High Priest of Ignis.
             Slain by an iguana (7 damage)
             ... on level 4 of the Dungeon on Aug 15, 2022.
             The game lasted 00:07:42 (3121 turns).

Monkooky the Firebug (Mummy Cinder Acolyte)         Turns: 3121, Time: 00:07:43

Health: 0/41       AC: 11    Str: 18    XL:     5   Next: 81%
Magic:  1/7        EV: 10    Int: 15    God:    Ignis [*****.]
Gold:   239        SH:  0    Dex:  7    Spells: 4/6 levels left

rFire   + . .      SeeInvis .   a - -1 spear (flame)
rCold   + . .      Faith    .   i - orb {light}
rNeg    + + +      Spirit   .   l - +2 ring mail {rF+}
rPois   ∞          Reflect  .   e - +2 helmet
rElec   .          Harm     .   (no cloak)
rCorr   .          Rampage  .   f - +0 pair of gloves
Will    .....                   (no boots)
Stlth   ..........              (no amulet)
HPRegen 0.13/turn               (no ring)
MPRegen 0.10/turn               (no ring)

@: very slightly contaminated, glowing
A: cold resistance 1, negative energy resistance 3, torment resistance 2, heat
vulnerability 1, in touch with death 1, no potions
a: Renounce Religion, Fiery Armour, Foxfire Swarm, Rising Flame


You were on level 4 of the Dungeon.
You worshipped Ignis.
Ignis was extremely pleased with you.
You visited 1 branch of the dungeon, and saw 4 of its levels.

You collected 239 gold pieces.

Inventory:

Hand Weapons
 a - a -1 spear of flaming (weapon)
 c - a +0 dagger
Missiles
 j - 5 poisoned darts
Armour
 b - a +0 robe
 e - a +2 helmet (worn)
 f - a +0 pair of gloves (worn)
 i - an orb of light (worn)
 l - a +2 ring mail of fire resistance (worn)
Wands
 m - a wand of polymorph (11)
Scrolls
 d - a scroll of enchant weapon {unknown}
 g - a scroll of teleportation {unknown}
 h - a scroll of vulnerability {unknown}
 k - 2 scrolls of identify {unknown}
 n - a scroll of silence {unknown}


   Skills:
 - Level 3.0 Fighting
 - Level 2.4 Polearms
 - Level 1.3 Spellcasting
 + Level 5.5 Fire Magic


You had 4 spell levels left.
You knew the following spells:

 Your Spells              Type           Power      Damage    Failure   Level
a - Scorch                Fire           34%        2d6       7%          2

Your spell library contained the following spells:

 Spells                   Type           Power      Damage    Failure   Level


Dungeon Overview and Level Annotations

Branches:
Dungeon (4/15)
 Temple: D:4-7

Altars:
Yredelemnul


Innate Abilities, Weirdness & Mutations

You are immune to poison.
Your flesh is cold resistant. (rC+)
You are immune to negative energy. (rN+++)
You are immune to unholy pain and torment.
You are vulnerable to heat. (rF-)
You are in touch with the powers of death.
You do not drink.


Message History

The iguana bites you but does no damage.
You hit the iguana. You burn the iguana.
The iguana is heavily wounded.
The iguana barely misses you.
Flames lash the iguana.
The iguana is heavily wounded.
The iguana's fire resistance burns away.
The iguana bites you but does no damage.
Flames lash the iguana.
The iguana is heavily wounded.
The iguana bites you!
You miscast Scorch.
You are very lightly contaminated with residual magic.
Nothing appears to happen.
The iguana bites you.
You are too injured to fight recklessly!
You are too injured to fight recklessly!
You are too injured to fight recklessly!
You are too injured to fight recklessly!
You barely miss the iguana.
The iguana is heavily wounded.
The iguana bites you but does no damage.
You hit the iguana but do no damage.
The iguana is heavily wounded.
The iguana bites you but does no damage.
You hit the iguana but do no damage.
The iguana is heavily wounded.
The iguana bites you but does no damage.
You completely miss the iguana.
The iguana is heavily wounded.
The iguana is no longer more vulnerable to fire.
The iguana bites you!
* * * LOW HITPOINT WARNING * * *
You completely miss the iguana.
The iguana is heavily wounded.
The iguana bites you.
* * * LOW HITPOINT WARNING * * *
Activating: Foxfire Swarm
Press: ? - help, Dir - look around, f - activate Flames leap up around you!
The iguana bites you!
You die...

#...## ##...## #####
##...<.# #...# #.....##
#...#
..##.)..######..####
....................###
.......#.....vvvvv....#
#...........##vvvv.....
............###@vv.#..
....##.....##


#vlv[# .... #...... vvvv.# .## ......#.......... #...#.##........#..# ##....
........# .. ..?....... . #......?.... You could see an iguana (ally target).

Vanquished Creatures
  A hound (D:4)
  Natasha (thrice) (D:3)
  2 hound skeletons (D:3)
  3 adders (D:2)
  An adder zombie (D:3)
  2 dart slugs (D:2)
  2 orcs (D:3)
  9 endoplasms
  2 giant cockroaches
  7 hobgoblins
  3 kobolds
  6 quokkas
  11 ball pythons
  A ball python zombie (D:3)
  10 bats
  A frilled lizard (D:3)
  6 goblins
  A quokka zombie (D:3)
  8 rats
79 creatures vanquished.

Vanquished Creatures (others)
  7 withered plants (D:3)
7 creatures vanquished.

Grand Total: 86 creatures vanquished

Notes
Turn   | Place    | Note
-------+----------+-------------------------------------------
     0 | D:1      | Monkooky the Mummy Cinder Acolyte began the quest for the
                  | Orb.
     0 | D:1      | Reached XP level 1. HP: 18/18 MP: 2/2
   220 | D:1      | Reached XP level 2. HP: 9/24 MP: 4/4
   222 | D:1      | Reached skill level 3 in Fire Magic
   459 | D:1      | Learned a level 2 spell: Scorch
   995 | D:1      | Gained mutation: You are in touch with the powers of death.
                  | [Mummy growth]
   995 | D:1      | Reached XP level 3. HP: 29/29 MP: 5/5
  1103 | D:1      | Found a faded altar of an unknown god.
  1591 | D:2      | Reached skill level 4 in Fire Magic
  1883 | D:2      | Reached XP level 4. HP: 35/35 MP: 3/6
  2292 | D:3      | Noticed Natasha
  2295 | D:3      | Killed Natasha
  2361 | D:3      | Found a faded altar of an unknown god.
  2385 | D:3      | Found a basalt altar of Yredelemnul.
  2573 | D:3      | Noticed Natasha
  2577 | D:3      | Killed Natasha
  2578 | D:3      | Reached XP level 5. HP: 41/41 MP: 2/7
  2714 | D:3      | Noticed Natasha
  2718 | D:3      | Killed Natasha
  2719 | D:3      | Reached skill level 5 in Fire Magic
  3121 | D:4      | Slain by an iguana

Illustrated notes

Levels and vault maps discovered:
D:1:      nzn_arrival_water_spiral, layout_basic,
          hellmonk_ecumenical_altar_zigzags
D:2:      layout_basic, nicolae_elevator_lobby_asterisk
D:3:      layout_basic, nicolae_overflow_ecumenical_swirl, serial_undead,
          serial_undead_e, serial_undead_e, serial_undead_c, serial_undead_b,
          serial_undead_b, serial_undead_f, uniq_natasha
D:4:      cheibrodos_helix_gallery, layout_cave_pools,
          mainiacjoe_overflow_small_starburst, uniq_sigmund

Skill      XL: |  1  2  3  4  5 |
---------------+----------------+-----
Fire Magic     | 3 4 5 |  5.5
Fighting       | |  3.0
Polearms       | |  2.4
Spellcasting   | |  1.3

Action                   |  1- 3 |  4- 6 || total
-------------------------+-------+-------++-------
Melee: Spear             |    80 |    66 ||   146
 Cast: Scorch            |    18 |    23 ||    41
Invok: Foxfire Swarm     |       |     1 ||     1
Armor: Robe              |    20 |     3 ||    23
       Ring mail         |       |    22 ||    22
Dodge: Dodged            |    27 |    28 ||    55

Table legend: (Time is in decaauts)
 A = Elapsed time spent in this place.
 B = Non-inter-level travel time spent in this place.
 C = Inter-level travel time spent in this place.
 D = Time resting spent in this place.
 E = Time spent auto-exploring this place.
 F = Levels seen in this place.
 G = Mean time per level.
                   A        B        C        D        E       F      G
               +--------+--------+--------+--------+--------+-----+--------+
         Total |   3121 |   2962 |    159 |     47 |   2492 |   4 |  780.2 |
       Dungeon |   3121 |   2962 |    159 |     47 |   2492 |   4 |  780.2 |
               +--------+--------+--------+--------+--------+-----+--------+

Top non-repeatable levels by time:
     D:1: 1216 daAuts
     D:2: 1036 daAuts
     D:3: 833 daAuts
     D:4: 35 daAuts
